 Dungeon Crawl Stone Soup version 0.24-a0-581-gc0fa6600bf (webtiles) character file.

Game seed: 3964885323444801997

207 MisterOstroum the Charmwright (level 5, -17/43 HPs)
             Began as a Gnoll Skald on Aug 25, 2019.
             Was an Initiate of Wu Jian.
             Demolished by an ogre
             ... wielding a +0 giant club
              (20 damage)
             ... on level 4 of the Dungeon.
             The game lasted 00:11:09 (2993 turns).

MisterOstroum the Charmwright (Gnoll Skald)         Turns: 2993, Time: 00:11:10

Health: -17/43     AC: 14    Str: 14    XL:     5   Next: 85%
Magic:  12/12      EV:  3    Int: 15    God:    Wu Jian [......]
Gold:   179        SH: 10    Dex: 15    Spells: 3/14 levels left

rFire    . . .     SeeInvis .   w - +1 dagger (venom)
rCold    . . .     Gourm    .   n - +2 shield
rNeg     . . .     Faith    .   k - +0 plate armour
rPois    .         Spirit   .   u - +0 helmet
rElec    .         Reflect  .   s - +1 cloak {+Inv}
rCorr    .         Harm     .   (no gloves)
MR       .....                  (no boots)
Stlth    ..........             (no amulet)
HPRegen  0.14/turn              (no ring)
MPRegen  0.13/turn              (no ring)

@: no status effects
A: distributed training, fangs 1, strong nose
a: Renounce Religion, Evoke Invisibility


You were on level 4 of the Dungeon.
You worshipped Wu Jian.
Wu Jian was noncommittal.
You were not hungry.

You visited 1 branch of the dungeon, and saw 4 of its levels.

You collected 179 gold pieces.

Inventory:

Hand Weapons
 a - a +0 spear
 o - a +1 whip of electrocution
 w - a +1 dagger of venom (weapon)
Missiles
 c - 116 stones (quivered)
 p - 34 poisoned darts
Armour
 k - a +0 plate armour (worn)
 n - a +2 shield (worn)
 r - a +0 leather armour
 s - a +1 cloak of invisibility (worn)
 u - a +0 helmet (worn)
Jewellery
 f - a +4 ring of intelligence {unknown}
Scrolls
 d - a scroll of remove curse {@r2}
 h - 2 scrolls of teleportation {unknown}
 j - 5 scrolls of identify {unknown}
 m - a scroll of random uselessness {unknown}
Potions
 b - 2 potions of mutation {unknown}
 i - a potion of cancellation {unknown}
 q - a potion of heal wounds {unknown}
 t - 2 potions of might {unknown}
 v - a potion of flight {unknown}
Comestibles
 e - 3 rations
 g - 2 chunks of flesh


   Skills:
 + Level 4.8 Fighting
 + Level 1.6 Short Blades
 + Level 1.6 Long Blades
 + Level 1.6 Axes
 + Level 1.6 Maces & Flails
 + Level 4.8 Polearms
 + Level 1.6 Staves
 + Level 1.6 Slings
 + Level 1.6 Bows
 + Level 1.6 Crossbows
 + Level 1.6 Throwing
 + Level 3.0 Armour
 + Level 4.8 Dodging
 + Level 1.6 Stealth
 + Level 1.6 Shields
 + Level 1.6 Unarmed Combat
 + Level 5.2 Spellcasting
 + Level 1.3 Conjurations
 + Level 1.3 Hexes
 + Level 5.6 Charms
 + Level 1.3 Summonings
 + Level 1.3 Necromancy
 + Level 1.3 Translocations
 + Level 1.3 Transmutations
 + Level 1.3 Fire Magic
 + Level 1.3 Ice Magic
 + Level 1.3 Air Magic
 + Level 1.3 Earth Magic
 + Level 1.3 Poison Magic
 + Level 1.8 Invocations
 + Level 1.6 Evocations


You had 3 spell levels left.
You knew the following spells:

 Your Spells              Type           Power        Failure   Level  Hunger
a - Infusion              Chrm           ###.         100%        1    None
b - Song of Slaying       Chrm           ###.....     100%        2    ##.....
c - Spectral Weapon       Hex/Chrm       ##......     100%        3    ###....
d - Shroud of Golubria    Chrm/Tloc      ##....       100%        2    ##.....
e - Regeneration          Chrm/Necr      ##........   100%        3    ###....

Your spell library contained the following spells:

 Spells                   Type           Power        Failure   Level  Hunger


Dungeon Overview and Level Annotations

Branches:
Dungeon (4/15)
 Temple: D:4-7

Altars:
Wu Jian
Xom


Innate Abilities, Weirdness & Mutations

Your experience applies equally to all skills.
You have very sharp teeth.
Your uncanny sense of smell can sniff out nearby items.


Message History

The howler monkey is almost dead.
You block the howler monkey's attack.
You hit the howler monkey but do no damage.
The howler monkey is almost dead.
The howler monkey hits you.
You hit the howler monkey.
You kill the howler monkey!
The Council accepts your kill.
Your Armour skill increases to level 3!
You see here a howler monkey corpse.
There isn't anything here!
You see here a howler monkey corpse.
You butcher the howler monkey corpse.
g - 3 chunks of flesh You see here a howler monkey skeleton.
Wear which item? (? for menu, Esc to quit)
You start removing your armour.
You continue taking off your +0 leather armour. x2
HP restored.
You continue taking off your +0 leather armour. x2
You finish taking off your +0 leather armour.
You start putting on your armour.
You continue putting on your +0 plate armour. x5
You finish putting on your +0 plate armour.
Eating one of 3 chunks of flesh.
You eat one of the 3 chunks of flesh.
This raw flesh tastes terrible.
j - 5 scrolls labeled OTAUGIVUIF (gained 1)
Found a spear.
You see here a spear.
There is an escape hatch in the floor here.
A gnoll comes into view.
A gnoll is nearby!
An adder and a gnoll come into view.
The gnoll shouts!
The adder hisses angrily.
You hear a shout!
Casting: Song of Slaying (very dangerous; 100% risk of failure)
Confirm with . or Enter, or press ? or * to list all spells.
Okay, then.
Your shield and plate armour prevent you from hitting the gnoll.
The gnoll hits you but does no damage.
You hit the gnoll.
The gnoll is poisoned.
The gnoll is moderately wounded.
You block the gnoll's attack.
You hit the gnoll.
The gnoll looks as sick as possible!
You bite the gnoll, but do no damage.
The gnoll is severely wounded.
The gnoll hits you but does no damage. The gnoll hits you.
You hit the gnoll but do no damage.
The gnoll looks as sick as possible!
Your bite misses the gnoll.
The gnoll is severely wounded.
The gnoll hits you but does no damage. You block the gnoll's attack.
You hit the gnoll.
You kill the gnoll!
The Council accepts your kill.
You closely miss the adder. You block the adder's attack.
You hit the adder.
The adder is poisoned.
The adder is moderately wounded.
You block the adder's attack.
The gnoll hits you from afar with a +0 spear.
The adder bites you but does no damage.
You hit the adder.
The adder is severely wounded.
The adder bites you but does no damage.
The gnoll hits you from afar with a +0 spear.
You hit the adder.
You kill the adder!
The Council accepts your kill. The gnoll hits you but does no damage.
You lunge at the gnoll.
You hit the gnoll.
The gnoll is poisoned.
The gnoll is lightly wounded.
An ogre comes into view. It is wielding a +0 giant club.
The gnoll hits you but does no damage.
You see here an adder corpse.
Your plate armour prevents you from hitting the gnoll.
The gnoll is lightly wounded.
The ogre shouts!
You hear a shout!
The gnoll hits you but does no damage.
You hit the gnoll but do no damage.
The gnoll looks as sick as possible!
You bite the gnoll, but do no damage.
The gnoll is lightly wounded.
You block the gnoll's attack.
You closely miss the gnoll.
The gnoll is severely wounded.
You kill the gnoll!
The Council accepts your kill.
You hit the ogre.
The ogre is lightly wounded.
The ogre hits you with a +0 giant club.
You hit the ogre but do no damage.
The ogre is poisoned.
The ogre is lightly wounded.
The ogre hits you with a +0 giant club. The ogre hits you with a +0 giant club!
The ogre looks more healthy.
You hit the ogre.
The ogre is poisoned.
Your bite misses the ogre.
The ogre is severely wounded.
The ogre hits you with a +0 giant club!
* * * LOW HITPOINT WARNING * * *
Your plate armour prevents you from hitting the ogre.
The ogre is severely wounded.
The ogre hits you with a +0 giant club!!
You die...

....######.#####.###
.## #.........##.#
#.####.##.##.# #.#
#.##.##.# #.#
#.##.##.# #.#
#.##.##.# #.#
#.##.##.#
#.####>##.##O#
#..)...##.##@# ∆
#########.##.#
#.##.## #.....#
####..# #..# #..#
#..# ####..##


You could see an ogre.

Vanquished Creatures
  A howler monkey (D:4)
  A hound (D:3)
  5 gnolls
  3 adders
  An ooze (D:1)
  A worm (D:2)
  A leopard gecko (D:2)
  An orc (D:3)
  3 ball pythons
  5 giant cockroaches
  7 goblins
  9 hobgoblins
  5 kobolds
  5 bats
  2 frilled lizards
  5 rats
  A bush (D:2)
56 creatures vanquished.

Notes
Turn   | Place    | Note
-------+----------+-------------------------------------------
     0 | D:1      | MisterOstroum the Gnoll Skald began the quest for the Orb.
     0 | D:1      | Reached XP level 1. HP: 20/20 MP: 6/6
   260 | D:1      | Reached XP level 2. HP: 26/26 MP: 7/7
   310 | D:1      | Learned a level 2 spell: Song of Slaying
   795 | D:1      | Reached XP level 3. HP: 31/31 MP: 9/9
   951 | D:2      | Reached skill level 5 in Spellcasting
   997 | D:2      | Found a shimmering altar of Xom.
  1346 | D:2      | Learned a level 3 spell: Spectral Weapon
  1349 | D:2      | Learned a level 2 spell: Shroud of Golubria
  1353 | D:2      | Learned a level 3 spell: Regeneration
  1359 | D:2      | Reached skill level 1 in Invocations
  1741 | D:3      | Found an ornate altar of the Wu Jian Council.
  1745 | D:3      | Reached skill level 1 in Short Blades
  1745 | D:3      | Reached skill level 1 in Long Blades
  1745 | D:3      | Reached skill level 1 in Axes
  1745 | D:3      | Reached skill level 1 in Maces & Flails
  1745 | D:3      | Reached skill level 1 in Staves
  1745 | D:3      | Reached skill level 1 in Slings
  1745 | D:3      | Reached skill level 1 in Bows
  1745 | D:3      | Reached skill level 1 in Crossbows
  1745 | D:3      | Reached skill level 1 in Throwing
  1745 | D:3      | Reached skill level 1 in Stealth
  1745 | D:3      | Reached skill level 1 in Shields
  1745 | D:3      | Reached skill level 1 in Unarmed Combat
  1745 | D:3      | Reached skill level 1 in Evocations
  1745 | D:3      | Reached XP level 4. HP: 38/38 MP: 4/11
  1761 | D:3      | Became a worshipper of the Wu Jian Council
  1862 | D:3      | Reached skill level 1 in Conjurations
  1862 | D:3      | Reached skill level 1 in Hexes
  1862 | D:3      | Reached skill level 1 in Summonings
  1862 | D:3      | Reached skill level 1 in Necromancy
  1862 | D:3      | Reached skill level 1 in Translocations
  1862 | D:3      | Reached skill level 1 in Transmutations
  1862 | D:3      | Reached skill level 1 in Fire Magic
  1862 | D:3      | Reached skill level 1 in Ice Magic
  1862 | D:3      | Reached skill level 1 in Air Magic
  1862 | D:3      | Reached skill level 1 in Earth Magic
  1862 | D:3      | Reached skill level 1 in Poison Magic
  2127 | D:3      | Reached XP level 5. HP: 43/43 MP: 8/12
  2968 | D:4      | Noticed an ogre
  2991 | D:4      | HP: 2/43 [ogre/+0 giant club (15)]
  2993 | D:4      | Demolished by an ogre

Levels and vault maps discovered:
D:1:      scummos_arrival_forest, layout_basic, minmay_tall_x
D:2:      wander_river, layout_basic, old_standard_altar, serial_forest,
          infiniplex_forest_clump_medium, infiniplex_forest_clump_small,
          infiniplex_forest_lined_room_3, infiniplex_forest_lined_3,
          infiniplex_forest_corner_1, infiniplex_forest_lined_3_way,
          infiniplex_forest_pool
D:3:      layout_basic, lemuel_round_altar
D:4:      layout_basic, vehumet_statue, nicolae_tso_carved_into_rock,
          first_ration, uniq_natasha, uniq_edmund

Skill      XL: |  1  2  3  4  5 |
---------------+----------------+-----
Spellcasting   | 5 |  5.2
Invocations    | 1 |  1.8
Short Blades   | 1 |  1.6
Long Blades    | 1 |  1.6
Axes           | 1 |  1.6
Maces & Flails | 1 |  1.6
Staves         | 1 |  1.6
Slings         | 1 |  1.6
Bows           | 1 |  1.6
Crossbows      | 1 |  1.6
Throwing       | 1 |  1.6
Stealth        | 1 |  1.6
Shields        | 1 |  1.6
Unarmed Combat | 1 |  1.6
Evocations     | 1 |  1.6
Conjurations   | 1 |  1.3
Hexes          | 1 |  1.3
Summonings     | 1 |  1.3
Necromancy     | 1 |  1.3
Translocations | 1 |  1.3
Transmutations | 1 |  1.3
Fire Magic     | 1 |  1.3
Ice Magic      | 1 |  1.3
Air Magic      | 1 |  1.3
Earth Magic    | 1 |  1.3
Poison Magic   | 1 |  1.3
Armour         | 3 |  3.0
Fighting       | |  4.8
Polearms       | |  4.8
Dodging        | |  4.8
Charms         | |  5.6

Action                   |  1- 3 |  4- 6 || total
-------------------------+-------+-------++-------
Melee: Spear             |    34 |       ||    34
       Whip              |    58 |    33 ||    91
       Bite              |    10 |     6 ||    16
       Dagger            |       |    28 ||    28
Throw: Stone             |    20 |     7 ||    27
 Cast: Infusion          |    10 |     2 ||    12
       Spectral Weapon   |     2 |     2 ||     4
       Shroud of Golubri |       |     1 ||     1
       Song of Slaying   |       |     1 ||     1
Invok: Lunge             |       |     2 ||     2
  Use: Scroll            |       |     1 ||     1
 Stab: Sleeping          |     2 |     1 ||     3
  Eat: Chunk             |     3 |     4 ||     7
Armor: Leather armour    |     7 |     6 ||    13
       Plate armour      |       |     8 ||     8
Dodge: Dodged            |    30 |    19 ||    49
Block: Shield            |       |    10 ||    10

Table legend:
 A = Non-vault XP
 B = Vault XP
 C = Vault XP percentage of total XP
 D = Non-vault monster count
 E = Vault monster count
 F = Vault count percentage of total count
                 A         B        C        D         E       F
            +---------+---------+-------+---------+---------+-------
      Total |     290 |       6 |   2.0 |      51 |       4 |   7.3
            +---------+---------+-------+---------+---------+-------
        D:1 |      29 |       6 |  17.1 |      14 |       4 |  22.2
        D:2 |      33 |       0 |   0.0 |      10 |       0 |   0.0
        D:3 |     129 |       0 |   0.0 |      22 |       0 |   0.0
        D:4 |      99 |       0 |   0.0 |       5 |       0 |   0.0
            +---------+---------+-------+---------+---------+-------
